 Dungeon Crawl Stone Soup version 0.31-a0-859-g9dce7d3444 (webtiles) character file.

Game seed: 2045707477757099258

335 javelincjr the Sneak (level 6, -4/36 HPs)
             Began as an Octopode Hedge Wizard on Oct 9, 2023.
             Slain by a bullfrog (9 damage)
             ... in a sewer.
             The game lasted 00:11:56 (2690 turns).

javelincjr the Sneak (Octopode Hedge Wizard)        Turns: 2690, Time: 00:11:57

Health: -4/36      AC:  1    Str:  9    XL:     6   Next: 53%
Magic:  10/11      EV: 10    Int: 19    God:
Gold:   87         SH:  0    Dex: 11    Spells: 7/12 levels left

rFire   . . .        h - +0 short sword (drain)
rCold   . . .        (no shield)
rNeg    . . .        b - +0 hat
rPois   .            (no amulet)
rElec   .            (no ring)
rCorr   .            (no ring)
SInv    .            (no ring)
Will    .....        (no ring)
Stlth   +++++        (no ring)
HPRegen 0.26/turn    (no ring)
MPRegen 0.12/turn    (no ring)
                     (no ring)

%: no passive effects
@: constricted
A: almost no armour, amphibious, 8 rings, camouflage 1, gelatinous body 1,
nimble swimmer 1, tentacles
a: no special abilities


You were in a sewer.
You visited 1 branch of the dungeon, and saw 3 of its levels.
You also visited: Sewer.

You collected 87 gold pieces.

Inventory:

Hand Weapons
 a - a +0 dagger
 h - a +0 short sword of draining (weapon)
Missiles
 k - a throwing net
Armour
 b - a +0 hat (worn)
Scrolls
 f - a scroll of revelation {unknown}
 g - 3 scrolls of teleportation {unknown}
 j - a scroll of enchant weapon {unknown}
 m - a scroll of poison {unknown}
 o - a scroll of blinking {unknown}
 p - a scroll of summoning {unknown}
Potions
 c - 2 potions of magic
 e - a potion of lignification {unknown}
 i - a potion of enlightenment {unknown}
 l - a potion of attraction {unknown}
 n - a potion of cancellation {unknown}


   Skills:
 + Level 3.2 Dodging
 + Level 4.8 Stealth
 + Level 3.7 Spellcasting
 + Level 2.6 Conjurations
 + Level 2.5 Summonings
 + Level 2.5 Translocations


You had 7 spell levels left.
You knew the following spells:

 Your Spells              Type           Power      Damage    Failure   Level
a - Magic Dart            Conj           52%        1d5       4%          1
b - Call Imp              Summ           26%        N/A       8%          2
c - Blink                 Tloc           26%        N/A       8%          2

Your spell library contained the following spells:

 Spells                   Type           Power      Damage    Failure   Level
 Slow                     Hex            12%        N/A       14%         1
 Cigotuvi's Dreadful Rot  Necr/Pois/Air  6%         N/A       22%         2
 Hailstorm                Conj/Ice       8%         3d4       24%         3
 Mephitic Cloud           Conj/Pois/Air  6%         N/A       30%         3
 Confusing Touch          Hex            3%         N/A       38%         3
 Sigil of Binding         Hex            3%         N/A       38%         3
 Vampiric Draining        Necr           3%         2d6       38%         3
 Summon Ice Beast         Ice/Summ       8%         N/A       63%         4
 Simulacrum               Ice/Necr       1%         N/A       100%        6


Dungeon Overview and Level Annotations

Branches:
Dungeon (3/15)              Sewer (1/1)

Altars:

Shops:
D:2 [


Innate Abilities, Weirdness & Mutations

You cannot wear most types of armour.
You are amphibious.
You can wear up to eight rings at the same time.
Your skin changes colour to match your surroundings (Stealth+).
Your rubbery body absorbs attacks. (AC +1, EV +1)
You are camouflaged when in or above water. (Stealth+)
You have tentacles for arms and can constrict up to eight enemies at once.


Message History

The bullfrog is almost dead.
You constrict the bullfrog. The bullfrog hits you.
* * * LOW HITPOINT WARNING * * *
The ball python bites you.
* * * LOW HITPOINT WARNING * * *
The ball python constricts you.
Your cerulean imp hits the bullfrog from afar with a -3 spear.
The bullfrog dies!
The ball python bites your cerulean imp but does no damage.
The ball python constricts your cerulean imp.
You feel better. The ball python barely misses you.
The ball python constricts you.
* * * LOW HITPOINT WARNING * * *
The ball python bites you.
* * * LOW HITPOINT WARNING * * *
The ball python bites your cerulean imp but does no damage.
The ball python constricts your cerulean imp.
Your cerulean imp closely misses the ball python.
The ball python bites you.
* * * LOW HITPOINT WARNING * * *
The ball python constricts you.
* * * LOW HITPOINT WARNING * * *
You feel better. The ball python bites you.
* * * LOW HITPOINT WARNING * * *
The ball python loses its grip on your cerulean imp.
The ball python bites you.
* * * LOW HITPOINT WARNING * * *
The ball python constricts you.
Your cerulean imp hits the ball python but does no damage.
You hit the ball python.
You kill the ball python!
The ball python closely misses you. x2; The bullfrog closely misses you.
Your cerulean imp hits the ball python with a -3 spear.
The ball python dies!
The ball python bites you but does no damage.
The ball python grabs you. The ball python constricts you.
* * * LOW HITPOINT WARNING * * *
You closely miss the ball python. You grab the ball python.
You constrict the ball python. The bullfrog hits you!
You die...

#~≈~~~~# #~~~≈
#≈~~~~≈# #~~~~
#≈~~~~≈# #~~~~
#~≈~~~≈# #≈~~~
#~~≈~≈≈# #≈≈~~
#~5~≈≈≈# #≈≈~~
#S.J≈≈≈# ##~..
#FS≈~≈≈# #≈~))
#@#~~≈≈# #≈.~~
#≈~~~~≈# #~~~~
#≈~~~~≈# #~~~≈
#≈~~~~≈# #~~~~
#~≈~~~≈# #≈~~~
#~~~~~~##### #~~~~
##~.~..##..# ##††.
#......##..###....
##......##'##.....


You could see a bullfrog, an endoplasm, 2 ball pythons and a friendly cerulean
imp (summoned).

Vanquished Creatures
  6 gnolls (D:2)
  7 adders
  3 river rats (Sewer)
  A worm (D:2)
  3 endoplasms
  5 giant cockroaches
  A goblin (D:1)
  4 hobgoblins
  5 kobolds
  6 quokkas
  10 ball pythons
  A bat (D:1)
  A frilled lizard (D:1)
  23 rats
76 creatures vanquished.

Vanquished Creatures (collateral kills)
  A bullfrog (Sewer)
  A gnoll (D:2)
  2 river rats (Sewer)
  2 adders
  2 endoplasms (Sewer)
  3 ball pythons (Sewer)
  7 rats (Sewer)
18 creatures vanquished.

Vanquished Creatures (others)
  An endoplasm (D:1)
  A hobgoblin (D:1)
2 creatures vanquished.

Grand Total: 96 creatures vanquished

Notes
Turn   | Place    | Note
-------+----------+-------------------------------------------
     0 | D:1      | javelincjr the Octopode Hedge Wizard began the quest for
                  | the Orb.
     0 | D:1      | Reached XP level 1. HP: 11/11 MP: 4/4
   243 | D:1      | Reached XP level 2. HP: 17/17 MP: 1/6
   248 | D:1      | Reached skill level 3 in Stealth
   535 | D:1      | Learned a level 2 spell: Call Imp
   538 | D:1      | Learned a level 2 spell: Blink
   795 | D:1      | Reached XP level 3. HP: 15/21 MP: 7/7
  1093 | D:2      | Found a faded altar of an unknown god.
  1127 | D:2      | Reached XP level 4. HP: 21/27 MP: 1/8
  1634 | D:2      | Found Pualatyng's Armour Emporium.
  1821 | D:2      | Reached skill level 4 in Stealth
  1826 | D:2      | Reached XP level 5. HP: 13/31 MP: 6/10
  2064 | D:3      | Found a glowing drain.
  2069 | Sewer    | Entered a sewer
  2471 | Sewer    | Reached XP level 6. HP: 30/36 MP: 2/11
  2686 | Sewer    | HP: 1/36 [ball python (3)]
  2690 | Sewer    | Slain by a bullfrog

Illustrated notes

Levels and vault maps discovered:
D:1:      wander_arrival_peaceful_grave, layout_loops_cross, lemuel_flame_loot_1
D:2:      layout_loops_ring, hellmonk_ecumenical_altar_zigzags, serial_shops,
          shop
D:3:      kb_forest_paths, layout_loops_corners, gup_sewer_entry_bowl
Sewer:    sewer_minmay_w

Skill      XL: |  1  2  3  4  5 |
---------------+----------------+-----
Stealth        | 3 4 |  4.8
Conjurations   | 2 |  2.6
Summonings     | 2 |  2.5
Translocations | 2 |  2.5
Dodging        | 3 |  3.2
Spellcasting   | |  3.7

Action                     |  1- 3 |  4- 6 || total
---------------------------+-------+-------++-------
  Melee: Dagger            |    20 |       ||    20
         Constrict         |    11 |    22 ||    33
         Short sword       |    20 |    75 ||    95
         Tentacles         |     8 |    17 ||    25
   Cast: Magic Dart        |    39 |    49 ||    88
         Call Imp          |     1 |    13 ||    14
    Use: Potion            |       |     4 ||     4
   Stab: Sleeping          |     3 |     1 ||     4
         Distracted        |       |     2 ||     2
 Armour: Skin              |    14 |    54 ||    68
  Dodge: Dodged            |    19 |    69 ||    88

Table legend: (Time is in decaauts)
 A = Elapsed time spent in this place.
 B = Non-inter-level travel time spent in this place.
 C = Inter-level travel time spent in this place.
 D = Time resting spent in this place.
 E = Time spent auto-exploring this place.
 F = Levels seen in this place.
 G = Mean time per level.
                   A        B        C        D        E       F      G
               +--------+--------+--------+--------+--------+-----+--------+
         Total |   2688 |   2660 |     28 |    190 |   1862 |   4 |  672.0 |
       Dungeon |   2068 |   2040 |     28 |     63 |   1577 |   3 |  689.3 |
         Sewer |    620 |    620 |      0 |    127 |    285 |   1 |  620.0 |
               +--------+--------+--------+--------+--------+-----+--------+

Top non-repeatable levels by time:
     D:1: 1011 daAuts
     D:2: 958 daAuts
   Sewer: 620 daAuts
     D:3: 97 daAuts
